 Dungeon Crawl Stone Soup version 0.20.1-1-g8b1a95d (webtiles) character file.

39 mastercheaf21 the Stinger (level 3, -2/21 HPs)
             Began as an Octopode Venom Mage on Nov 8, 2017.
             Slain by a hobgoblin
             ... wielding a +0 club
              (4 damage)
             ... on level 2 of the Dungeon.
             The game lasted 00:08:34 (1650 turns).

mastercheaf21 the Stinger (Octopode Venom Mage)     Turns: 1650, Time: 00:08:34

Health: -2/21      AC:  1    Str:  8    XL:     3   Next: 47%
Magic:  6/6        EV: 13    Int: 17    God:
Gold:   21         SH:  0    Dex: 12    Spells: 5/6 levels left

rFire    . . .     SeeInvis .   (no weapon)
rCold    . . .     Gourm    .   (no shield)
rNeg     . . .     Faith    .   (helmet restricted)
rPois    .         Spirit   .   (no amulet)
rElec    .         Reflect  .   (no ring)
rCorr    .         Harm     .   (no ring)
MR       .....                  (no ring)
Stlth    +++.......             (no ring)
Regen    0.1/turn               (no ring)
MPRegen  0.1/turn               (no ring)
                                (no ring)
                                (no ring)

@: lethally poisoned (-2 -> -8)
A: almost no armour, stealthy swim, amphibious, 8 rings, constrict 8, camouflage
1, gelatinous body 1
a: no special abilities


You were on level 2 of the Dungeon.
You were not hungry.

You visited 1 branch of the dungeon, and saw 2 of its levels.

You collected 21 gold pieces.

Inventory:

Missiles
 d - 19 stones (quivered)
Jewellery
 h - a +2 ring of evasion {unknown}
Scrolls
 c - a scroll of random uselessness {unknown}
 e - a scroll of blinking {unknown}
 g - a scroll of remove curse {unknown}
 i - a scroll of enchant armour {unknown}
Potions
 f - a potion of mutation {unknown}
Books
 a - a Young Poisoner's Handbook

   Spells                             Type                      Level
   a - Sting                          Conjuration/Poison           1
   b - Poisonous Vapours              Poison/Air                   2
   c - Mephitic Cloud                 Conjuration/Poison/Air       3
   d - Olgreb's Toxic Radiance        Poison                       4
   e - Venom Bolt                     Conjuration/Poison           5
Comestibles
 b - 2 bread rations
 j - a chunk of flesh


   Skills:
 - Level 2.0 Dodging
 * Level 3.8 Stealth
 - Level 2.0 Spellcasting
 - Level 1.0 Conjurations
 - Level 4.7 Poison Magic


You had 5 spell levels left.
You knew the following spells:

 Your Spells              Type           Power        Failure   Level  Hunger
a - Sting                 Conj/Pois      ##..         6%          1    #......


Dungeon Overview and Level Annotations

Branches:
Dungeon (2/15)

Altars:
Elyvilon


Innate Abilities, Weirdness & Mutations

You cannot wear most types of armour.
You are very stealthy in the water. (Stealth+)
You are amphibious.
You can wear up to eight rings at the same time.
You can use your tentacles to constrict eight enemies at once.
Your skin changes colour to match your surroundings (Stealth+).
Your rubbery body absorbs attacks. (AC +1, EV +1)


Message History

The hobgoblin shouts!
Your grab misses the adder. You squeeze the adder.
The adder is heavily wounded.
The adder bites you. x2
You miss the adder. You grab the adder.
The adder is heavily wounded.
You constrict the adder, but do no damage.
The adder bites you.
You barely miss the frilled lizard. Your grab misses the frilled lizard.
You constrict the adder. The adder bites you.
* * * LOW HITPOINT WARNING * * *
You are lethally poisoned!
The adder poisons you! The frilled lizard bites you.
* * * LOW HITPOINT WARNING * * *
You release your grip on the adder.
* * * LOW HITPOINT WARNING * * *
You feel sick. The adder barely misses you.
The frilled lizard bites you but does no damage.
The hobgoblin hits you with a club.
You die...

####....... #..........
......#..###..
##.#..##.# ### #.#..##.#
#.#..##.# # #.#..##.#
#.######.#..##.#####
#..@........##......
#rgSl#..............
#.......#.#####..>...
#..................#.#.
#......?..#.#####..#.#.
#........#.#.# ......#.
#............. .........
#........#####.###..####
...#.# #.# ...# #


You could see an adder, a hobgoblin, a frilled lizard and a rat.

Vanquished Creatures
  A gnoll (D:1)
  An adder (D:2)
  3 leopard geckos
  5 bats (D:1)
  3 hobgoblins (D:1)
  3 goblins
  2 kobolds (D:1)
18 creatures vanquished.

Notes
Turn   | Place    | Note
-------+----------+-------------------------------------------
     0 | D:1      | mastercheaf21 the Octopode Venom Mage began the quest for the Orb.
     0 | D:1      | Reached XP level 1. HP: 11/11 MP: 3/3
   224 | D:1      | Reached skill level 4 in Poison Magic
   224 | D:1      | Reached XP level 2. HP: 17/17 MP: 3/5
   943 | D:1      | Reached XP level 3. HP: 13/21 MP: 3/6
  1577 | D:2      | Found a white marble altar of Elyvilon.
  1650 | D:2      | Slain by a hobgoblin

Skill      XL: |  1 |
---------------+----+-----
Stealth        | 3 |  3.8
Poison Magic   | 4 |  4.7
Dodging        | |  2.0
Spellcasting   | |  2.0
Conjurations   | |  1.0

Action                   || total
-------------------------++-------
Melee: Unarmed           ||    60
       Constrict         ||    18
       Tentacles         ||    10
 Cast: Sting             ||     7
 Stab: Sleeping          ||     1
  Eat: Chunk             ||     2
Armor: Skin              ||    11
Dodge: Dodged            ||    62
